 Dungeon Crawl Stone Soup version 0.19.1 (webtiles) character file.

3929 HAWKINGL3623 the Basher (level 10, -9/63 HPs)
             Began as a Gargoyle Monk on Nov 28, 2016.
             Was an Elder of Elyvilon.
             Mangled by an orc knight
             ... wielding a +0 glaive
              (40 damage)
             ... in a bailey.
             The game lasted 00:35:47 (9120 turns).

HAWKINGL3623 the Basher (Gargoyle Monk)             Turns: 9120, Time: 00:35:48

Health: -9/63      AC: 16    Str: 14    XL:     10   Next: 21%
Magic:  10/10      EV: 14    Int: 12    God:    Elyvilon [****..]
Gold:   784        SH:  0    Dex: 15    Spells: 0 memorised, 9 levels left

rFire  . . .     SeeInvis .     x - +4 dire flail
rCold  . . .     Gourm    .     s - +0 ring mail
rNeg   + . .     Faith    .     (shield currently unavailable)
rPois  ∞         Spirit   .     (no helmet)
rElec  +         Reflect  .     h - +1 cloak
rCorr  .         Harm     .     d - +1 pair of gloves
MR     +....                    (no boots)
Stlth  ++........               g - amulet of regeneration
                                (no ring)
                                i - ring of protection from magic

@: no status effects
A: mutation resistance 1, negative energy resistance 1, electricity resistance,
unbreathing, petrification resistance, rot immunity, AC +7
a: Lesser Healing, Heal Other, Purification, Greater Healing, Divine Protection,
Renounce Religion


You were in a bailey.
You worshipped Elyvilon.
Elyvilon was greatly pleased with you.
You were not hungry.

You visited 2 branches of the dungeon, and saw 9 of its levels.
You also visited: Bailey.

You collected 784 gold pieces.

Inventory:

Hand Weapons
 a - a +1 mace
 o - a +0 flail of protection
 x - a +4 dire flail (weapon)
Missiles
 e - 125 stones
 k - 53 poisoned needles
 m - 3 needles of frenzy
 q - 2 tomahawks (quivered)
Armour
 d - a +1 pair of gloves (worn)
 h - a +1 cloak (worn)
 s - a +0 ring mail (worn)
Jewellery
 g - an amulet of regeneration (around neck)
 i - a ring of protection from magic (left hand)
Wands
 t - a wand of digging (9/24)
 w - a wand of disintegration (2/24)
 y - a wand of acid (5/15)
Scrolls
 f - 3 scrolls of identify
 j - 2 scrolls of remove curse
 p - a scroll of magic mapping
 v - a scroll of teleportation
Potions
 b - a potion of invisibility
 l - 2 potions of haste
 r - a potion of flight
Comestibles
 c - 6 bread rations
 n - 5 meat rations
 u - a slice of pizza


   Skills:
 + Level 7.0 Fighting
 + Level 10.3 Maces & Flails
 + Level 1.8 Throwing
 + Level 2.4 Armour
 + Level 6.2 Dodging
 + Level 5.5 Stealth
 + Level 0.2 Invocations


You had 9 spell levels left.
You didn't know any spells.

Dungeon Overview and Level Annotations

Branches:
Dungeon (8/15)             Temple (1/1) D:4
   Lair: D:8-11

Altars:
Ashenzari
Cheibriados
Dithmenos
Elyvilon
Fedhas
Gozag
Hepliaklqana
Kikubaaqudgha
Makhleb
Nemelex Xobeh
Okawaru
Qazlal
Ru
Sif Muna
Trog
Uskayaw
Vehumet
Xom
Yredelemnul
The Shining One

Annotations:
D:8 Grum


Innate Abilities, Weirdness & Mutations

You are resistant to torment.
Your stone body is resilient. (AC +7)
You are immune to poison.
You resist negative energy. (rN+)
You are resistant to electric shocks. (rElec)
You can survive without breathing.
You are immune to petrification.
You are immune to rotting.
You are somewhat resistant to further mutation.


Message History

The orc misses you. The orc hits you but does no damage.
The orc knight roars a battlecry!
The orc knight roars a battlecry!
The orc knight goes into a battle-frenzy!
You see here a bolt.
Eat a chunk of flesh? (ye/n/q)
You start eating the chunk of flesh.
This raw flesh tastes terrible.
You see here 2 bolts.
You see here a bolt.
The orc knight hits you but does no damage.
The orc warrior jeers loudly, as Orcs often do.
The orc warrior hits you but does no damage.
The orc knight hits you from afar with a halberd!!
The orc knight hits you from afar with a halberd.
The orc warrior completely misses you.
The orc knight hits you from afar with a glaive!!!
Ouch! That really hurt!
You die...

###
#########∩########
##.....##...##.....
#..≈≈≈..#(..#..≈≈≈.
#.≈≈o≈≈..(.(..≈≈o≈≈
+.≈ooo≈..(((..≈oo.≈
#.≈≈o≈≈..(....≈≈o≈≈
#.@≈≈≈..#(..#(.≈≈≈.
##.....##.∩.##.(.(.
#########∩########
###


You could see 3 orc knights, an orc warrior and an orc.

Vanquished Creatures
  The ghost of Styro the Spear-Bearer, a novice OpGl of the Shining One (D:7)
  Grinder (D:3)
  Prince Ribbit (D:5)
  A hippogriff (D:7)
  Sigmund (D:6)
  The ghost of Wesley the Grave Robber, an amateur VSNe (D:5)
  Eustachio (D:5)
  The ghost of elan the Insei, an amateur OpTm (D:3)
  Duvessa (D:6)
  A sky beast (D:7)
  A water moccasin (D:7)
  3 orc warriors
  An ice beast (D:6)
  2 phantoms (D:7)
  An ogre (D:6)
  3 centaurs
  Dowan (D:6)
  3 bullfrogs
  3 wights (D:8)
  2 bullfrog zombies
  2 crimson imps
  A centaur skeleton (D:6)
  2 jellies (D:8)
  2 hounds
  A gnoll shaman (D:8)
  A bullfrog skeleton (D:4)
  Terence (D:3)
  An iguana (D:6)
  6 worker ants
  3 gnolls (D:8)
  11 adders
  A shadow imp (D:8)
  2 adder skeletons
  An adder zombie (D:5)
  4 worms
  5 dart slugs
  23 orcs
  3 giant cockroaches
  7 goblins
  10 hobgoblins
  10 jackals
  2 quokkas
  10 bats
  6 frilled lizards
  8 kobolds
  A leopard gecko skeleton (D:6)
  2 leopard gecko zombies
  10 rats
166 creatures vanquished.

Notes
Turn   | Place    | Note
-------+----------+-------------------------------------------
     0 | D:1      | HAWKINGL3623 the Gargoyle Monk began the quest for the Orb.
     0 | D:1      | Reached XP level 1. HP: 14/14 MP: 1/1
    94 | D:1      | Reached XP level 2. HP: 14/19 MP: 2/2
   181 | D:1      | Gained mutation: You are somewhat resistant to further mutation. [potion of mutation]
   830 | D:1      | Reached XP level 3. HP: 22/24 MP: 3/3
  1528 | D:2      | Reached XP level 4. HP: 15/29 MP: 4/4
  2103 | D:2      | Reached skill level 4 in Maces & Flails
  2898 | D:3      | Noticed Grinder
  2922 | D:3      | Reached XP level 5. HP: 31/33 MP: 5/5
  2983 | D:3      | Killed Grinder
  2983 | D:3      | Reached skill level 5 in Maces & Flails
  2983 | D:3      | Reached XP level 6. HP: 16/38 MP: 6/6
  3173 | D:3      | Noticed elan's ghost (amateur OpTm)
  3309 | D:3      | Noticed Terence
  3356 | D:3      | Killed Terence
  3802 | D:3      | Killed elan's ghost
  3802 | D:3      | Reached XP level 7. HP: 28/44 MP: 7/7
  4292 | D:3      | Reached skill level 6 in Maces & Flails
  4368 | D:4      | Reached skill level 1 in Throwing
  4432 | D:4      | Found a staircase to the Ecumenical Temple.
  4461 | Temple   | Entered the Ecumenical Temple
  5223 | D:4      | Found a white marble altar of Elyvilon.
  5229 | D:4      | Became a worshipper of Elyvilon the Healer
  5229 | D:4      | Reached * piety under Elyvilon
  5229 | D:4      | Reached ** piety under Elyvilon
  5424 | D:5      | Entered Level 5 of the Dungeon
  5583 | D:5      | Noticed Prince Ribbit
  5616 | D:5      | Killed Prince Ribbit
  5616 | D:5      | Reached skill level 5 in Fighting
  5616 | D:5      | Reached skill level 7 in Maces & Flails
  5616 | D:5      | Reached XP level 8. HP: 43/49 MP: 8/8
  5910 | D:5      | Found a bloodstained altar of Trog.
  5951 | D:5      | Noticed Wesley's ghost (amateur VSNe)
  5972 | D:5      | Killed Wesley's ghost
  6224 | D:6      | Noticed Eustachio
  6273 | D:5      | Killed Eustachio
  6505 | D:6      | Noticed Sigmund
  6519 | D:6      | Killed Sigmund
  6519 | D:6      | Reached skill level 8 in Maces & Flails
  6519 | D:6      | Reached skill level 5 in Dodging
  6806 | D:6      | Noticed Duvessa
  6806 | D:6      | Noticed Dowan
  6853 | D:6      | Killed Duvessa
  6877 | D:6      | Killed Dowan
  6877 | D:6      | Reached XP level 9. HP: 39/54 MP: 9/9
  7087 | D:6      | Reached *** piety under Elyvilon
  7585 | D:7      | Reached skill level 9 in Maces & Flails
  7781 | D:7      | Reached skill level 5 in Stealth
  8014 | D:7      | Noticed Styro's ghost (novice OpGl)
  8042 | D:7      | Killed Styro's ghost
  8042 | D:7      | Reached skill level 1 in Armour
  8517 | D:8      | Reached skill level 10 in Maces & Flails
  8517 | D:8      | Reached XP level 10. HP: 55/61 MP: 10/10
  8790 | D:8      | Found a glowing golden altar of the Shining One.
  8863 | D:8      | Noticed Grum
  8870 | D:8      | Reached **** piety under Elyvilon
  8883 | D:8      | Found a flagged portal.
  8893 | Bailey   | Entered a bailey
  8893 | Bailey   | Noticed an orc knight
  8894 | Bailey   | Noticed an orc knight
  8894 | Bailey   | Noticed an orc knight
  9120 | Bailey   | Mangled by an orc knight

Skill      XL: |  1  2  3  4  5  6  7  8  9 10 |
---------------+-------------------------------+-----
Maces & Flails | 4 5 7 8 10 | 10.3
Dodging        | 3 4 5 6 |  6.2
Stealth        | 3 4 5 |  5.5
Fighting       | 4 5 6 7 |  7.0
Throwing       | 1 |  1.8
Armour         | 1 2 |  2.4
Invocations    | |  0.2

Action                   |  1- 3 |  4- 6 |  7- 9 | 10-12 || total
-------------------------+-------+-------+-------+-------++-------
Melee: Mace              |   131 |   184 |    84 |       ||   399
       Flail             |       |       |   410 |   114 ||   524
       Dire flail        |       |       |       |    22 ||    22
Throw: Stone             |    37 |    18 |     3 |       ||    58
       Tomahawk          |       |       |    15 |       ||    15
Invok: Heal Other        |       |       |     2 |       ||     2
Evoke: Wand              |       |       |       |     3 ||     3
  Use: Scroll            |     4 |     2 |    10 |     3 ||    19
       Potion            |     2 |     2 |     7 |       ||    11
 Stab: Sleeping          |     4 |     2 |    11 |     3 ||    20
  Eat: Fruit             |     1 |     1 |     2 |       ||     4
       Chunk             |       |     8 |    10 |     3 ||    21
       Royal jelly       |       |       |     1 |       ||     1
       Beef jerky        |       |       |     1 |       ||     1
       Pizza             |       |       |     1 |       ||     1
Armor: Robe              |    44 |    47 |   225 |       ||   316
       Ring mail         |       |       |    32 |    68 ||   100
Dodge: Dodged            |   109 |   108 |   395 |   124 ||   736
